 Dungeon Crawl Stone Soup version 0.31-a0-210-gccc998df9b (webtiles) character file.

Game seed: 8994136045781552684

1078 Dittersdorf the Shield-Bearer (level 8, -1/51 HPs)
             Began as a Gargoyle Fighter on June 29, 2023.
             Was an Initiate of Okawaru.
             Slain by a wight
             ... wielding a +4 spear
              (5 damage)
             ... on level 6 of the Dungeon.
             The game lasted 00:06:14 (4825 turns).

Dittersdorf the Shield-Bearer (Gargoyle Fighter)    Turns: 4825, Time: 00:06:14

Health: -1/51      AC: 13    Str: 21    XL:     8   Next: 29%
Magic:  8/8        EV:  8    Int: 10    God:    Okawaru [......]
Gold:   665        SH: 10    Dex:  9    Spells: 7/7 levels left

rFire   . . .        a - +0 flail
rCold   . . .        i - +1 kite shield
rNeg    + . .        b - +0 scale mail
rPois   ∞            (no helmet)
rElec   +            (no cloak)
rCorr   .            (no gloves)
SInv    .            (no boots)
Will    .....        (no amulet) Stlth
                     o - ring of flight
HPRegen 0.28/turn    (no ring)
MPRegen 0.11/turn

%: no passive effects
@: flying
A: sickness immunity, AC +5, negative energy resistance 1, electricity
resistance, torment resistance 1, petrification resistance
a: Renounce Religion


You were on level 6 of the Dungeon.
You worshipped Okawaru.
Okawaru was noncommittal.
You visited 1 branch of the dungeon, and saw 6 of its levels.

You collected 665 gold pieces.

Inventory:

Hand Weapons
 a - a +0 flail (weapon)
Missiles
 l - 6 poisoned darts
Armour
 b - a +0 scale mail (worn)
 i - a +1 kite shield (worn)
Jewellery
 o - a ring of flight (left hand)
Scrolls
 c - a scroll of teleportation
 f - a scroll of enchant armour
Potions
 d - 3 potions of might
 g - a potion of berserk rage {unknown}
 h - 2 potions of magic {unknown}
 j - a potion of degeneration {unknown}
 k - a potion of enlightenment
 m - a potion of brilliance
 n - 5 potions of curing


   Skills:
 + Level 6.1 Fighting
 + Level 5.1 Maces & Flails
 + Level 6.1 Armour
 + Level 6.1 Shields


You had 7 spell levels left.
You didn't know any spells.
Your spell library contained the following spells:

 Spells                   Type           Power      Damage    Failure   Level
 Static Discharge         Conj/Air       0%         2-2/arc   97%         2
 Airstrike                Air            0%         2d(0-16)  100%        4
 Anguish                  Hex/Necr       0%         N/A       100%        4
 Cause Fear               Hex            0%         N/A       100%        4
 Borgnjor's Vile Clutch   Necr/Erth      0%         N/A       100%        5
 Enfeeble                 Hex            0%         N/A       100%        7
 Animate Dead             Necr           Unusable   N/A       N/A         4
 Summon Lightning Spire   Summ/Air       Unusable   N/A       N/A         4
 Death Channel            Necr           Unusable   N/A       N/A         6

Dungeon Overview and Level Annotations

Branches:
Dungeon (6/15)
 Temple: D:4-7

Altars:
Dithmenos
Fedhas
Okawaru
Wu Jian
Yredelemnul
Zin
The Shining One

Shops:
D:1 *   D:5 :


Innate Abilities, Weirdness & Mutations

You are immune to sickness and miasma.
Your stone body is resilient. (AC +5)
You are immune to poison.
You resist negative energy. (rN+)
You are resistant to electric shocks. (rElec)
You are resistant to unholy torment.
You are immune to petrification.


Message History

Your Maces & Flails skill increases to level 5!
Your Shields skill increases to level 6!
You hit the wight.
The wight is moderately damaged.
The wight closely misses you. You block the wight's attack. x2
The wight hits you but does no damage.
You barely miss the wight.
The wight is moderately damaged.
You block the wight's attack.
The wight hits you from afar with a +4 spear.
You closely miss the wight.
The wight is moderately damaged.
The wight hits you with a +0 battleaxe.
The wight hits you from afar with a +4 spear.
You barely miss the wight.
The wight is moderately damaged.
You block the wight's attack. x2
You sock the wight!
You destroy the wight!
Okawaru accepts your kill. The wight hits you but does no damage.
The wight hits you from afar with a +4 spear.
The wight hits you but does no damage.
Items here: )) [[.
You barely miss the wight. The wight hits you with a +4 spear!
* * * LOW HITPOINT WARNING * * *
You hit the wight but do no damage. You block the wight's attack.
You hit the wight.
The wight is moderately damaged.
The wight hits you with a +4 spear.
* * * LOW HITPOINT WARNING * * *
You barely miss the wight.
The wight is moderately damaged.
The wight hits you with a +4 spear.
* * * LOW HITPOINT WARNING * * *
You block the wight's attack.
You hit the wight.
The wight is heavily damaged.
The wight hits you with a +4 spear.
You die...

....... ####.z.....
#...z......
#.##....... #.#
....... .>. #)#
....... #.#. #.#
....... #.#. #z#
###.#######.#. #@#
#.........#. #.#
###...........
#.###.............
#..............<..
#.####.....###..#.##
#...>.......##..#...
######......##..####
#..............
######..#[.###.


You could see a wight.

Vanquished Creatures
  Eustachio (D:3)
  2 scorpions (D:5)
  3 wights (D:6)
  A centaur zombie (D:5)
  A bullfrog zombie (D:5)
  A gnoll bouda (D:5)
  4 hounds
  3 sleepcaps
  4 iguanas
  A killer bee zombie (D:5)
  A hound zombie (D:5)
  A howler monkey zombie (D:5)
  3 gnolls (D:4)
  10 adders
  A shadow imp (D:5)
  A worm (D:4)
  2 orcs
  5 bats
  11 endoplasms
  4 giant cockroaches
  8 goblins
  9 hobgoblins
  4 jackals (D:3)
  11 kobolds
  2 quokkas
  4 ball pythons
  7 frilled lizards
  3 hobgoblin zombies (D:5)
  A kobold skeleton (D:5)
  4 kobold zombies (D:5)
  An orc skeleton (D:5)
  3 orc zombies (D:5)
  5 rats
122 creatures vanquished.

Notes
Turn   | Place    | Note
-------+----------+-------------------------------------------
     0 | D:1      | Dittersdorf the Gargoyle Fighter began the quest for the
                  | Orb.
     0 | D:1      | Reached XP level 1. HP: 14/14 MP: 1/1
   117 | D:1      | Found Vokoproa's Assorted Antiques.
   125 | D:1      | Reached XP level 2. HP: 13/19 MP: 2/2
   311 | D:1      | Reached XP level 3. HP: 9/23 MP: 3/3
  1238 | D:2      | Reached XP level 4. HP: 29/29 MP: 4/4
  1694 | D:3      | Found a blossoming altar of Fedhas.
  2372 | D:4      | Reached XP level 5. HP: 33/33 MP: 5/5
  2484 | D:3      | Reached XP level 6. HP: 19/39 MP: 6/6
  2733 | D:4      | Found a shadowy altar of Dithmenos.
  2738 | D:4      | Noticed Eustachio
  3043 | D:3      | Killed Eustachio
  3113 | D:4      | Reached skill level 5 in Fighting
  3113 | D:4      | Reached skill level 5 in Armour
  3278 | D:4      | Reached skill level 5 in Shields
  3278 | D:4      | Reached XP level 7. HP: 36/44 MP: 7/7
  3427 | D:5      | Entered Level 5 of the Dungeon
  3432 | D:5      | Identified a scroll of acquirement
  3432 | D:5      | Acquired 426 gold pieces
  3593 | D:5      | Found Wypirev's Tiny Tomes.
  3887 | D:5      | Found a glowing silver altar of Zin.
  3977 | D:5      | Found a basalt altar of Yredelemnul.
  4076 | D:5      | Found an iron altar of Okawaru.
  4089 | D:5      | Became a worshipper of Warmaster Okawaru
  4154 | D:5      | Found an ornate altar of the Wu Jian Council.
  4258 | D:5      | Reached XP level 8. HP: 51/51 MP: 8/8
  4309 | D:5      | Found a glowing golden altar of the Shining One.
  4815 | D:6      | Reached skill level 5 in Maces & Flails
  4825 | D:6      | Slain by a wight

Illustrated notes

Levels and vault maps discovered:
D:1:      ncdulo_smallfort, layout_rooms, serial_shops, shop, st_stairs_4,
          minmay_misc_feat_five, lexackson_kobold_supper
D:2:      layout_loops_corners
D:3:      layout_basic, lemuel_round_altar, minmay_misc_feat_rugged,
          grunt_decor_junction, st_stairs_11
D:4:      minmay_spotlight, layout_rooms, nicolae_dithmenos_the_darkroom,
          uniq_eustachio
D:5:      layout_loops_ring, nicolae_yredelemnul_corpse_copse,
          kennysheep_little_box, kennysheep_okawaru_gauntlet,
          nicolae_tso_besieged_by_evil, hangedman_decor_riveting,
          kennysheep_flooded_box, nrook_uturn,
          nicolae_shop_i_like_small_books_too, minmay_ruined_shrine
D:6:      layout_basic

Skill      XL: |  1  2  3  4  5  6  7  8 |
---------------+-------------------------+-----
Fighting       | 4 5 6 |  6.1
Armour         | 4 5 6 |  6.1
Shields        | 4 5 6 |  6.1
Maces & Flails | 3 4 5 |  5.1

Action                     |  1- 3 |  4- 6 |  7- 9 || total
---------------------------+-------+-------+-------++-------
  Melee: Flail             |   132 |   248 |   232 ||   612
    Use: Scroll            |       |       |    11 ||    11
 Armour: Scale mail        |    81 |   257 |   111 ||   449
  Dodge: Dodged            |    72 |   203 |    76 ||   351
  Block: Buckler           |    27 |       |       ||    27
         Kite shield       |    12 |   183 |   131 ||   326

Table legend: (Time is in decaauts)
 A = Elapsed time spent in this place.
 B = Non-inter-level travel time spent in this place.
 C = Inter-level travel time spent in this place.
 D = Time resting spent in this place.
 E = Time spent auto-exploring this place.
 F = Levels seen in this place.
 G = Mean time per level.
                   A        B        C        D        E       F      G
               +--------+--------+--------+--------+--------+-----+--------+
         Total |   5035 |   4878 |    157 |    535 |   2984 |   6 |  839.2 |
       Dungeon |   5035 |   4878 |    157 |    535 |   2984 |   6 |  839.2 |
               +--------+--------+--------+--------+--------+-----+--------+

Top non-repeatable levels by time:
     D:5: 1289 daAuts
     D:3: 1043 daAuts
     D:2: 926 daAuts
     D:4: 817 daAuts
     D:1: 800 daAuts
     D:6: 157 daAuts
